 Dungeon Crawl Stone Soup version 0.31.0-1-g2c135a008e (webtiles) character file.

Game seed: 4899506356539859047

56 qw the Shooter (level 4, -3/34 HPs)
             Began as a Djinni Hunter on Jan 23, 2024.
             Slain by a gnoll
             ... wielding a +0 halberd
              (10 damage)
             ... on level 2 of the Dungeon.
             The game lasted 00:00:04 (1394 turns).

qw the Shooter (Djinni Hunter)                      Turns: 1394, Time: 00:00:04

Health: -3/34      AC:  6    Str: 10    XL:     4   Next: 17%
Gold:   139        EV:  6    Int: 11    God:
                   SH:  0    Dex: 18

rFire   + + .        a - +0 shortbow
rCold   x . .        (shield currently unavailable)
rNeg    . . .        g - +0 ring mail
rPois   inf          h - +0 helmet
rElec   .            (no cloak)
rCorr   .            (no gloves)
SInv    .            (boots unavailable)
Will    .....        (no amulet)
Stlth   +            (no ring)
HPRegen 0.25/turn    (no ring)
MPRegen 0.00/turn

%: infuse magic (-4 HP)
@: about to teleport, flying, held
A: sickness immunity, fire resistance 2, cold vulnerability 1, float, innate
caster, HP casting, extra vitality 1
a: no special abilities


You were on level 2 of the Dungeon.
You visited 1 branch of the dungeon, and saw 2 of its levels.

You collected 139 gold pieces.


Innate Abilities, Weirdness & Mutations

You are immune to sickness and miasma.
You are immune to poison.
Your flesh is very heat resistant. (rF++)
You are vulnerable to cold. (rC-)
You float through the air rather than walking.
You learn spells naturally, not from books.
Your magical power is your life essence.
You have superior vitality. (+4 MHP)


   Skills:
 + Level 2.8 Fighting
 - Level 4.0 Ranged Weapons
 - Level 1.0 Armour
 - Level 2.1 Dodging
 - Level 0.7 Stealth


You knew the following spells:

 Your Spells              Type           Power      Damage    Failure   Level
a - Magic Dart            Conj           0%         1d3       65%         1
Your spell library was empty.

Inventory:

Hand Weapons
 a - a +0 shortbow (weapon)
Armour
 g - a +0 ring mail (worn)
 h - a +0 helmet (worn)
Jewellery
 c - a +6 ring of intelligence
Scrolls
 b - a scroll of noise {unknown}
Potions
 d - a potion of might
 e - a potion of ambrosia {unknown}
 j - a potion of enlightenment {unknown}

Dungeon Overview and Level Annotations

Branches:
Dungeon (2/15)

Altars:
Fedhas


Message History

You shoot an arrow. The arrow hits the goblin.
You kill the goblin!
You see here a +0 dagger.
Found a stone staircase leading up.
Enter note:
Enter note:
Enter note:
Enter note:
There is a stone staircase leading up here. 2 gnolls come into view.
A gnoll is wielding a +0 halberd and quivering a throwing net.
Found an escape hatch in the floor.
The gnoll shouts! x2; You hear a shout!
You shoot an arrow. The arrow hits the gnoll!
The gnoll is severely wounded.
You shoot an arrow. The arrow hits the gnoll.
The gnoll is almost dead.
The gnoll hits you with a +0 whip.
A gnoll comes into view.
It is wielding a +0 spear and quivering 2 throwing nets.
You shoot an arrow. The arrow hits the gnoll.
You kill the gnoll!
The gnoll barely misses you.
You have reached level 4!
You feel clever.
You shoot an arrow. The arrow closely misses the gnoll.
The gnoll barely misses you.
The gnoll throws a throwing net.
The throwing net hits you.
You become entangled in the net!
You struggle against the net.
The gnoll hits you from afar with a +0 halberd!
The gnoll hits you from afar with a +0 spear.
You tear a large gash into the net.
The gnoll barely misses you.
The gnoll hits you from afar with a +0 spear.
You struggle against the net.
The gnoll hits you from afar with a +0 halberd!
The gnoll barely misses you.
1394 ||| READING scroll of teleportation.
As you read the scroll of teleportation, it crumbles to dust.
You feel strangely unstable.
The gnoll hits you from afar with a +0 halberd!
You die...

##...## #.###..#
##+# #.# #..#
#.###.## ##
#.....# ...
###.### #.#. #.#
#...> #.#
#..g########.#
#..g)@......<#
......##########
..#.# #


You could see 2 gnolls.

Vanquished Creatures
  A gnoll (D:2)
  An adder (D:2)
  2 dart slugs (D:2)
  A ribbon worm (D:2)
  3 bats
  2 endoplasms (D:1)
  2 goblins
  4 hobgoblins
  3 jackals (D:2)
  6 ball pythons
  A frilled lizard (D:2)
  4 kobolds
30 creatures vanquished.

Notes
Turn   | Place    | Note
-------+----------+-------------------------------------------
     0 | D:1      | qw the Djinni Hunter began the quest for the Orb.
     0 | D:1      | Reached XP level 1. HP: 18/18 MP: 0/0
     0 | D:1      | 0 ||| qw: Version: 0.3-a-136-gdd3b4e8
     0 | D:1      | 0 ||| qw: Game counter: 1097
     0 | D:1      | 0 ||| qw: Melee chars always use a shield: true
     0 | D:1      | 0 ||| qw: God list: Okawaru
     0 | D:1      | 0 ||| qw: Allow faded altars: false
     0 | D:1      | 0 ||| qw: Do Orc after clearing Dungeon:15 true
     0 | D:1      | 0 ||| qw: Do second Lair branch before Depths: true
     0 | D:1      | 0 ||| qw: Lair rune preference: random
     0 | D:1      | 0 ||| qw: Goals: Normal
     0 | D:1      | 0 ||| PLANNING D:1-11
   345 | D:1      | Reached XP level 2. HP: 23/23 MP: 0/0
   797 | D:1      | 797 ||| UPGRADING to +0 ring mail.
   807 | D:1      | 807 ||| DROPPING +0 leather armour.
   808 | D:1      | 808 ||| UPGRADING to +0 helmet.
   813 | D:1      | 813 ||| READING 2 scrolls labelled NUMIODDY NUNOY.
   816 | D:1      | 816 ||| READING scroll labelled XUB HYCELAA.
   816 | D:1      | 816 ||| IDENTIFYING orange potion
   817 | D:1      | 817 ||| DROPPING scroll of butterflies.
   886 | D:2      | Reached XP level 3. HP: 28/28 MP: 0/0
   886 | D:2      | Learned a level 1 spell: Magic Dart
   943 | D:2      | Reached skill level 1 in Armour
  1022 | D:2      | Found a blossoming altar of Fedhas.
  1056 | D:2      | Reached skill level 4 in Ranged Weapons
  1390 | D:2      | Reached XP level 4. HP: 30/34 MP: 0/0
  1393 | D:2      | HP: 7/34 [gnoll/+0 halberd (7)]
  1394 | D:2      | 1394 ||| READING scroll of teleportation.
  1394 | D:2      | Slain by a gnoll

Levels and vault maps discovered:
D:1:      wander_arrival_estate, layout_loops_corners,
          kennysheep_decorative_pillar, minmay_misc_feat_square
D:2:      layout_loops_corners, basic_altar, corexii_corridor_pit

Skill      XL: |  1  2  3 |
---------------+----------+-----
Armour         | 1 |  1.0
Ranged Weapons | 4 |  4.0
Fighting       | |  2.8
Dodging        | |  2.1
Stealth        | |  0.7

Action                     |  1- 3 |  4- 6 || total
---------------------------+-------+-------++-------
   Fire: Shortbow          |    70 |     1 ||    71
    Use: Scroll            |     2 |     1 ||     3
 Armour: Leather armour    |     1 |       ||     1
         Ring mail         |    10 |     5 ||    15
  Dodge: Dodged            |    13 |     3 ||    16

Table legend:
 A = Non-vault XP
 B = Vault XP
 C = Vault XP percentage of total XP
 D = Non-vault monster count
 E = Vault monster count
 F = Vault count percentage of total count
                 A         B        C        D         E       F
            +---------+---------+-------+---------+---------+-------
      Total |      81 |       0 |   0.0 |      30 |       0 |   0.0
            +---------+---------+-------+---------+---------+-------
        D:1 |      24 |       0 |   0.0 |      15 |       0 |   0.0
        D:2 |      57 |       0 |   0.0 |      15 |       0 |   0.0
            +---------+---------+-------+---------+---------+-------
